 Dungeon Crawl Stone Soup version 0.20.1-1-g8b1a95d (webtiles) character file.

83259 tidbits the Martial Artist (level 14, -8/118 HPs)
             Began as a Demigod Transmuter on Aug 11, 2017.
             Mangled by an entropy weaver (11 damage)
             ... on level 1 of the Spider Nest.
             The game lasted 02:49:17 (14217 turns).

tidbits the Martial Artist (Demigod Transmuter)    Turns: 14217, Time: 02:49:17

Health: -8/118     AC: -2    Str: 11    XL:     14   Next: 92%
Magic:  6/35       EV: 22    Int: 23    God:
Gold:   702        SH:  0    Dex: 18    Spells: 4/37 levels left

rFire    . . .     SeeInvis .     - Unarmed
rCold    . . .     Gourm    .   (shield currently unavailable)
rNeg     . . .     Faith    .   B - +0 steam dragon scales
rPois    +         Spirit   .   E - +2 helmet
rElec    .         Reflect  .   z - +1 cloak {rPois}
rCorr    .         Harm     .   (gloves currently unavailable)
MR       +....                  F - +1 pair of boots {run}
Stlth    ++........             o - amulet of magic regeneration
Regen    0.3/turn               V - +3 ring of evasion
MPRegen  0.3/turn               W - ring of wizardry

@: blade hands, corroded, very slightly contaminated, quick
A: thin metallic scales 1, high mp 1, screaming 1, weak 1
a: End Transformation


You were on level 1 of the Spider Nest.
You were not hungry.
You had blades for hands.
You visited 4 branches of the dungeon, and saw 24 of its levels.
You also visited: Labyrinth.

You collected 2068 gold pieces.
You spent 1366 gold pieces at shops.

Inventory:

Hand Weapons
 g - a +3 blowgun
Missiles
 a - 86 arrows
 h - 10 needles of confusion
 m - 333 stones (quivered)
 v - 7 javelins of penetration
Armour
 z - a +1 cloak of poison resistance (worn)
   (You bought it in a shop on level 2 of the Orcish Mines)
 B - +0 steam dragon scales (worn)
 D - a scarf of resistance
   (You found it on level 10 of the Dungeon)
 E - a +2 helmet (worn)
 F - a +1 pair of boots of running (worn)
   (You found it on level 6 of the Lair of Beasts)
 G - a +1 pair of gloves of strength (melded)
   (You found it on level 9 of the Dungeon)
Jewellery
 f - an uncursed ring of ice
   (You took it off a minotaur in a labyrinth)
 o - an amulet of magic regeneration (around neck)
   (You found it on level 2 of the Dungeon)
 w - the amulet of Makhleb's Regard {Spirit *Slow +Blink rN++ Dex+2}
   (You acquired it on level 1 of the Spider Nest)

   [amulet of guardian spirit]

   It causes incoming damage to be split between your health and magic.
   It affects your dexterity (+2).
   It greatly protects you from negative energy.
   It lets you blink.
   It may slow you when you take damage.
 I - an uncursed ring of see invisible
   (You found it on level 1 of the Lair of Beasts)
 P - an uncursed ring of poison resistance
   (You found it on level 4 of the Dungeon)
 T - an uncursed amulet of regeneration
   (You found it on level 10 of the Dungeon)
 V - a +3 ring of evasion (left scythe-like blade)
   (You found it on level 9 of the Dungeon)
 W - a ring of wizardry (right scythe-like blade)
   (You found it on level 8 of the Dungeon)
Wands
 b - a wand of lightning (8/15)
 l - a wand of iceblast (12/15)
 n - a wand of random effects (35/48)
 q - a wand of confusion (17/48)
 Y - a wand of acid (9/15)
Scrolls
 e - a scroll of magic mapping
 j - a scroll of blinking
 r - 10 scrolls of remove curse
 t - 4 scrolls of fog
 u - 2 scrolls of recharging
 y - a scroll of immolation
 J - a scroll of fear
 M - a scroll of teleportation
Potions
 i - a potion of cancellation
 k - 3 potions of haste
 s - 5 potions of curing
 x - a potion of ambrosia
 A - a potion of resistance {unknown}
 H - a potion of mutation {!q}
 L - a potion of brilliance
 R - a potion of agility
 S - 4 potions of heal wounds
Books
 p - a book of Necromancy
   (You found it on level 4 of the Lair of Beasts)

   Spells                             Type                      Level
   a - Pain                           Necromancy                   1
   b - Animate Skeleton               Necromancy                   1
   c - Vampiric Draining              Necromancy                   3
   d - Regeneration                   Charms/Necromancy            3
   e - Animate Dead                   Necromancy                   4
   f - Control Undead                 Necromancy                   4
Miscellaneous
 K - a lamp of fire
Comestibles
 c - 3 meat rations
 d - 14 bread rations
 C - a royal jelly
 N - a chunk of flesh


   Skills:
 - Level 9.5 Fighting
 - Level 9.4 Dodging
 - Level 14.2 Unarmed Combat
 - Level 12.0 Spellcasting
 - Level 3.1 Charms
 - Level 3.1 Necromancy
 - Level 5.0 Translocations
 + Level 7.3 Transmutations
 + Level 3.2 Earth Magic


You had 4 spell levels left.
You knew the following spells:

 Your Spells              Type           Power        Failure   Level  Hunger
a - Apportation           Tloc           #####.       4%          1    None
b - Blink                 Tloc           N/A          6%          2    None
c - Sandblast             Erth           ####..       7%          1    None
h - Blade Hands           Tmut           #####.....   16%         5    ####...
k - Sticks to Snakes      Tmut           #####...     4%          2    None
n - Animate Skeleton      Necr           N/A          7%          1    None
p - Passage of Golubria   Tloc           N/A          14%         4    None
r - Regeneration          Chrm/Necr      ####......   12%         3    None
s - Statue Form           Tmut/Erth      #####....    65%         6    #####..
w - Passwall              Tmut/Erth      #####.....   6%          2    None
z - Petrify               Tmut/Erth      #####...     14%         4    None
W - Swiftness             Chrm/Air       ###.....     12%         2    None


Dungeon Overview and Level Annotations

Branches:
Dungeon (14/15)            Temple (0/1) D:5            Lair (6/6) D:10
 Shoals (0/4) Lair:2       Spider (2/4) Lair:3        Slime (0/5) Lair:5
    Orc (2/2) D:9             Elf (0/3) Orc:2
 Vaults: D:13-14

Shops:
Orc:2 [(=:[*(:

Annotations:
D:3 2 transporters
D:10 Gastronok
Lair:6 exclusion: 2 oklob plants
Spider:2 Azrael


Innate Abilities, Weirdness & Mutations

You have an increased reservoir of magic. (+10% MP)
You are partially covered in thin metallic scales. (AC +2)
You occasionally shout uncontrollably at your foes.
You are weak. (Str -2)


Message History

You hit the wolf spider.
The wolf spider is lightly wounded.
You shred the wolf spider!!!
The wolf spider is almost dead.
You hear an angry hiss. x2
The wolf spider completely misses you.
The wolf spider bites you but does no damage.
The redback bites you but does no damage.
The wolf spider completely misses you. The wolf spider closely misses you.
You slice the wolf spider!!
You kill the wolf spider!
Your Spellcasting skill increases to level 12!
The redback barely misses you.
You slice the redback!!
You kill the redback!
The entropy weaver gestures wildly while chanting.
The entropic weave corrodes you!
A wolf spider comes into view.
The wolf spider hisses angrily.
The entropy weaver gestures wildly while chanting.
The entropic weave corrodes you!
The tarantella hisses angrily.
You see here a redback corpse.
Unknown command.
You completely miss the entropy weaver. The entropy weaver hits you. x2
The entropy weaver hits you! The entropy weaver barely misses you.
You barely miss the entropy weaver.
The entropy weaver casts a spell.
The entropic weave corrodes you!
You slice the entropy weaver!!
The entropy weaver is moderately wounded.
The tarantella completely misses you. The entropy weaver hits you!
The entropy weaver completely misses you.
The entropy weaver hits you! x2
* * * LOW HITPOINT WARNING * * *
Unknown command.
Casting: Blade Hands
Confirm with . or Enter, or press ? or * to list all spells.
Aiming: Passage of Golubria
Press: ? - help, Dir - move target cursor
Okay, then.
Unknown command.
Okay, then.
Casting: Passage of Golubria
Confirm with . or Enter, or press ? or * to list all spells.
Aiming: Passage of Golubria
Press: ? - help, Dir - move target cursor You miscast Passage of Golubria.
You are very lightly contaminated with residual magic.
You feel a wrenching sensation.
The entropy weaver mumbles some strange words.
The entropic weave corrodes you!
Casting: Passage of Golubria
Confirm with . or Enter, or press ? or * to list all spells.
Aiming: Passage of Golubria
Press: ? - help, Dir - move target cursor, f - you
Okay, then.
Casting: Passage of Golubria
Confirm with . or Enter, or press ? or * to list all spells.
Aiming: Passage of Golubria
Press: ? - help, Dir - move target cursor You miscast Passage of Golubria.
You catch a glimpse of the back of your own head.
The entropy weaver hits you!
* * * LOW HITPOINT WARNING * * *
The entropy weaver closely misses you. The entropy weaver hits you!
* * * LOW HITPOINT WARNING * * *
The entropy weaver hits you!
* * * LOW HITPOINT WARNING * * *
Unknown command.
Okay, then.
Blink to where?
Press: ? - help, Dir - move target cursor
As you read the scroll of blinking, it crumbles to dust.
You see here 19 stones.
Casting: Passage of Golubria
Confirm with . or Enter, or press ? or * to list all spells.
Which direction?
You miscast Passwall.
You feel momentarily lethargic.
Casting: Passwall
Confirm with . or Enter, or press ? or * to list all spells.
Which direction?
You begin to meditate on the wall.
You continue meditating on the rock. x2
You finish merging with the rock.
Casting: Passwall
Confirm with . or Enter, or press ? or * to list all spells.
Which direction?
You begin to meditate on the wall.
You continue meditating on the rock. x2
The wolf spider completely misses you. The wolf spider bites you!
* * * LOW HITPOINT WARNING * * *
You finish merging with the rock.
Casting: Passwall
Confirm with . or Enter, or press ? or * to list all spells.
Aiming: Passage of Golubria
Press: ? - help, Dir - move target cursor You enter the passage of Golubria.
The entropy weaver hits you!
* * * LOW HITPOINT WARNING * * *
The entropy weaver hits you!
You die...

...# #.s... ..## #### #(....
...# ####..########.... ..##
####..#.>.##....s...# ..#
##..#.......#.s.a..... .##
#...........#..^.^.... ##
#..........####....... #
#....as....#........##
######### #....@#....s.......##
#..##...# ###...##[..........#
..<.#...#####....#...........##
........#.#.s....#........#.##
.........ยง..^....#...#...####
................######..##
.#.##.........### ####
####.....#..### #......####


You could see an entropy weaver, a wolf spider and a tarantella.

Vanquished Creatures
  Rupert (D:12)
  2 orc warlords
  An emperor scorpion (Spider:1)
  Nessos (Orc:2)
  A minotaur (Lab)
  Erolcha (D:11)
  3 hydras
  2 catoblepae
  A centaur warrior (D:13)
  2 two-headed ogres
  6 death yaks (Lair:6)
  4 orc high priests (Orc:2)
  3 unseen horrors
  Pikel (D:7)
  A lindwurm (Lair:6)
  A necromancer (D:13)
  3 orc knights (Orc:2)
  3 orc sorcerers (Orc:2)
  An ugly thing (D:11)
  5 wolf spiders (Spider:1)
  3 orb spiders (Spider:1)
  A wolf spider zombie (D:13)
  A cyclops (D:13)
  15 elephants
  2 manticores (Lair:6)
  5 centaur zombies
  Joseph (D:8)
  4 black mambas
  A kobold demonologist (D:13)
  5 centaur skeletons (D:13)
  12 spiny frogs
  A rime drake (Lair:6)
  7 komodo dragons
  A demonic crawler (Spider:1)
  10 jumping spiders (Spider:1)
  8 polar bears (Lair:6)
  A raiju (Lair:6)
  21 blink frogs
  8 hippogriffs
  A dream sheep (Lair:6)
  10 redbacks (Spider:1)
  4 tarantellas (Spider:1)
  3 flying skulls (D:13)
  5 wraiths
  A wyvern (Lair:3)
  A shadow (D:13)
  26 yaks
  2 basilisks
  A steam dragon (shapeshifter) (D:13)
  A steam dragon (D:11)
  5 wargs
  Edmund (D:6)
  13 hell hounds (Lair:6)
  7 water moccasins
  6 porcupines
  39 orc warriors
  A phantom (D:9)
  4 sky beasts
  11 black bears
  24 wolves
  5 ogres
  3 centaurs
  13 crocodiles
  A big kobold (D:10)
  15 bullfrogs
  6 wights (D:13)
  2 bullfrog zombies
  3 howler monkeys
  12 hounds
  4 jellies
  20 orc priests
  A quasit (D:13)
  2 bullfrog skeletons
  2 iron imps
  4 iguanas
  22 orc wizards
  2 worker ants
  2 worker ant zombies
  8 adders
  A howler monkey skeleton (D:8)
  2 shadow imps
  A white imp (D:14)
  A worm (D:3)
  4 dart slugs
  5 leopard geckos
  76 orcs
  3 giant cockroaches
  5 goblins
  11 hobgoblins
  6 jackals
  9 kobolds
  3 quokkas
  2 ball pythons
  4 frilled lizards
  A goblin skeleton (D:9)
  A goblin zombie (D:9)
  A hobgoblin zombie (D:9)
  A kobold skeleton (D:9)
  A kobold zombie (D:9)
  A leopard gecko skeleton (D:7)
  2 leopard gecko zombies
  An orc zombie (D:9)
  A quokka skeleton (D:9)
  5 rats
  3 plants (Lair:6)
594 creatures vanquished.

Vanquished Creatures (collateral kills)
  2 hydras (Lair:6)
  A lindwurm (Lair:6)
  2 elephants (Lair:6)
  2 black mambas
  A torpor snail (Lair:6)
  2 rime drakes (Lair:6)
  A komodo dragon (Lair:6)
  A jumping spider (Spider:1)
  A hippogriff (Lair:5)
  A polar bear (Lair:6)
  A slime creature (Lair:5)
  4 blink frogs
  9 dream sheep (Lair:6)
  A raiju (Lair:6)
  A redback (Spider:1)
  A wyvern (Lair:2)
  4 yaks
  3 basilisks
  3 water moccasins
  2 hell hounds (Lair:6)
  A sky beast (D:8)
  An orc warrior (Orc:1)
  A black bear (Lair:6)
  A necrophage (D:7)
  5 wolves
  2 crocodiles
  2 bullfrogs
  A water moccasin zombie (D:9)
  A crimson imp (D:7)
  An orc priest (Orc:2)
  A jelly (Lair:5)
  An orc wizard (D:6)
  A worker ant (D:6)
  A dart slug (D:1)
  4 orcs
  A giant cockroach (D:4)
  A ball python (D:3)
  A frilled lizard (D:5)
  A kobold skeleton (D:9)
  5 fungi
  3 plants (Lair:6)
79 creatures vanquished.

Vanquished Creatures (others)
  A necromancer (D:13)
  A quasit (D:7)
  An orc priest (Orc:2)
  An orc (Orc:2)
  20 fungi
  25 plants
49 creatures vanquished.

Grand Total: 722 creatures vanquished

Notes
Turn   | Place    | Note
-------+----------+-------------------------------------------
     0 | D:1      | tidbits the Demigod Transmuter began the quest for the Orb.
     0 | D:1      | Reached XP level 1. HP: 15/15 MP: 5/5
   101 | D:2      | Found a shimmering altar of Xom.
   127 | D:2      | Reached skill level 3 in Unarmed Combat
   127 | D:2      | Reached XP level 2. HP: 12/22 MP: 5/7
   254 | D:2      | Learned a level 2 spell: Sticks to Snakes
   658 | D:2      | Reached XP level 3. HP: 27/27 MP: 1/8
   810 | D:1      | Reached skill level 4 in Unarmed Combat
  1145 | D:4      | Found a radiant altar of Vehumet.
  1145 | D:4      | Found a shattered altar of Ashenzari.
  1284 | D:3      | Reached skill level 2 in Spellcasting
  1297 | D:3      | Learned a level 3 spell: Spider Form
  1374 | D:3      | Found a transporter.
  1389 | D:3      | Found a transporter.
  1411 | D:3      | Reached skill level 2 in Transmutations
  1411 | D:3      | Reached XP level 4. HP: 34/34 MP: 2/9
  1594 | D:3      | Found a bloodstained altar of Trog.
  1704 | D:5      | Entered Level 5 of the Dungeon
  1721 | D:5      | Reached skill level 1 in Fighting
  1777 | D:6      | Reached XP level 5. HP: 30/40 MP: 2/10
  1853 | D:6      | Reached skill level 3 in Transmutations
  2120 | D:5      | Noticed an ogre
  2122 | D:5      | Reached skill level 5 in Unarmed Combat
  2134 | D:5      | Killed an ogre
  2147 | D:5      | Learned a level 2 spell: Passwall
  2243 | D:5      | Found a staircase to the Ecumenical Temple.
  2253 | D:5      | Reached XP level 6. HP: 48/48 MP: 6/11
  2406 | D:4      | Reached skill level 2 in Earth Magic
  2475 | D:4      | Reached skill level 2 in Fighting
  2550 | D:5      | Reached skill level 2 in Dodging
  2684 | D:5      | Found a hide-covered altar of Uskayaw.
  2684 | D:5      | Found a deep blue altar of Sif Muna.
  2853 | D:7      | Reached skill level 6 in Unarmed Combat
  2853 | D:7      | Reached XP level 7. HP: 42/55 MP: 4/13
  2880 | D:7      | Learned a level 1 spell: Sandblast
  2916 | D:7      | Noticed Pikel
  2925 | D:8      | Found a sparkling altar of Nemelex Xobeh.
  3019 | D:8      | Noticed a two-headed ogre
  3034 | D:8      | Killed a two-headed ogre
  3034 | D:8      | Reached skill level 8 in Unarmed Combat
  3034 | D:8      | Reached XP level 8. HP: 19/61 MP: 11/14
  3242 | D:8      | Found a snail-covered altar of Cheibriados.
  3443 | D:8      | Noticed Joseph
  3638 | D:7      | Reached skill level 3 in Fighting
  3649 | D:7      | Killed Pikel
  3649 | D:7      | Reached skill level 3 in Dodging
  3649 | D:7      | Reached skill level 9 in Unarmed Combat
  3916 | D:7      | Reached skill level 4 in Fighting
  4011 | D:7      | Reached skill level 4 in Dodging
  4147 | D:9      | Reached XP level 9. HP: 51/71 MP: 10/15
  4224 | D:9      | Found a glowing golden altar of the Shining One.
  4508 | D:8      | Killed Joseph
  4552 | D:6      | Noticed Edmund
  4561 | D:6      | Killed Edmund
  4751 | D:8      | Reached skill level 5 in Fighting
  4751 | D:8      | Reached skill level 5 in Dodging
  4751 | D:8      | Reached skill level 10 in Unarmed Combat
  4793 | D:9      | Found a staircase to the Orcish Mines.
  4940 | D:9      | Found a shadowy altar of Dithmenos.
  4975 | D:9      | Reached skill level 4 in Transmutations
  4976 | D:9      | Found a glowing silver altar of Zin.
  5110 | D:10     | Entered Level 10 of the Dungeon
  5195 | D:10     | Found a staircase to the Lair.
  5228 | Lair:1   | Entered Level 1 of the Lair of Beasts
  5273 | Lair:1   | Found a bloodstained altar of Trog.
  5527 | Lair:1   | Reached skill level 3 in Spellcasting
  5527 | Lair:1   | Reached skill level 5 in Transmutations
  5545 | Lair:1   | Learned a level 5 spell: Blade Hands
  5631 | Lair:1   | Reached XP level 10. HP: 72/81 MP: 10/18
  5821 | Lair:2   | Reached skill level 4 in Spellcasting
  5879 | Lair:2   | Noticed an elephant
  5891 | Lair:2   | Killed an elephant
  5891 | Lair:2   | Reached skill level 6 in Transmutations
  5901 | Lair:2   | Noticed an elephant
  5901 | Lair:2   | Noticed an elephant
  5901 | Lair:2   | Noticed an elephant
  5901 | Lair:2   | Noticed an elephant
  5902 | Lair:2   | Noticed an elephant
  5910 | Lair:2   | Killed an elephant
  5955 | Lair:2   | Noticed a black mamba
  6120 | D:11     | Learned a level 4 spell: Petrify
  6139 | D:11     | Noticed a six-headed hydra
  6140 | D:11     | Reached skill level 7 in Transmutations
  6293 | D:10     | Noticed Gastronok
  6595 | Lair:2   | Killed an elephant
  6595 | Lair:2   | Reached skill level 5 in Spellcasting
  6603 | Lair:2   | Killed an elephant
  6610 | Lair:2   | HP: 4/81 [elephant (10)]
  6613 | Lair:2   | Killed an elephant
  6613 | Lair:2   | Reached skill level 6 in Spellcasting
  6625 | Lair:1   | Learned a level 3 spell: Regeneration
  6667 | Lair:2   | Found a staircase to the Shoals.
  6678 | Lair:2   | Killed a black mamba
  6678 | Lair:2   | Reached skill level 1 in Charms
  6678 | Lair:2   | Reached skill level 1 in Necromancy
  6903 | Lair:2   | Reached skill level 2 in Charms
  6903 | Lair:2   | Reached skill level 2 in Necromancy
  7002 | Lair:3   | Reached XP level 11. HP: 63/86 MP: 10/24
  7057 | Lair:3   | Found a hole to the Spider Nest.
  7122 | Lair:3   | Reached skill level 3 in Charms
  7122 | Lair:3   | Reached skill level 3 in Necromancy
  7196 | Lair:3   | Reached skill level 6 in Fighting
  7199 | Lair:3   | Reached skill level 6 in Dodging
  7468 | Lair:3   | Reached skill level 11 in Unarmed Combat
  7584 | Lair:4   | Learned a level 1 spell: Animate Skeleton
  7647 | Lair:4   | Found a labyrinth entrance.
  7669 | Lab      | Entered a labyrinth
  7776 | Lab      | Noticed a minotaur
  7822 | Lab      | Killed a minotaur
  7822 | Lab      | Reached skill level 7 in Fighting
  7836 | Lab      | Identified Isaem's Collected Works on Dislocation
  7840 | Lab      | Got a brightly glowing lapis lazuli ring
  7844 | Lab      | Got an encrusted helmet
  7855 | Lab      | Identified the cursed -4 helmet "Mokath" {MR- Str+3 Int+3} (You found it in a labyrinth)
  7873 | Lair:4   | Identified the ring of Nome Ciu {Dex+2 Stlth+} (You found it in a labyrinth)
  8036 | Lair:4   | Reached skill level 7 in Dodging
  8186 | Lair:4   | Reached XP level 12. HP: 100/100 MP: 0/25
  8281 | Lair:5   | Noticed a catoblepas
  8410 | Lair:5   | Killed a catoblepas
  8420 | Lair:5   | Reached skill level 12 in Unarmed Combat
  8467 | Lair:6   | Entered Level 6 of the Lair of Beasts
  8467 | Lair:6   | Noticed a seven-headed hydra
  8623 | Lair:5   | Found a staircase to the Slime Pits.
  8666 | Lair:6   | Noticed a five-headed hydra
  8894 | Lair:5   | Reached skill level 8 in Fighting
  8997 | Lair:6   | Reached skill level 8 in Dodging
  9054 | Lair:6   | Gained mutation: You are dopey. (Int -2) [potion of mutation]
  9054 | Lair:6   | Gained mutation: You have large cloven feet. [potion of mutation]
  9055 | Lair:6   | Lost mutation: You have large cloven feet. [potion of mutation]
  9055 | Lair:6   | Lost mutation: You are dopey. (Int -2) [potion of mutation]
  9055 | Lair:6   | Gained mutation: You occasionally shout uncontrollably at your foes. [potion of mutation]
  9055 | Lair:6   | Gained mutation: You are weak. (Str -2) [potion of mutation]
  9055 | Lair:6   | Gained mutation: You are partially covered in thin metallic scales. (AC +2) [potion of mutation]
  9163 | Lair:6   | Learned a level 2 spell: Blink
  9190 | Lair:6   | Noticed a catoblepas
  9287 | Lair:6   | Reached skill level 1 in Translocations
  9310 | Lair:6   | Noticed a four-headed hydra
  9319 | Lair:6   | Killed a four-headed hydra
  9341 | Lair:6   | Reached skill level 2 in Translocations
  9605 | Lair:6   | Reached skill level 3 in Translocations
  9650 | Lair:6   | Reached skill level 7 in Spellcasting
  9658 | Lair:6   | Reached XP level 13. HP: 66/108 MP: 2/27
  9719 | Lair:6   | Reached skill level 4 in Translocations
  9737 | Lair:6   | Identified a +1 pair of boots of running (You found it on level 6 of the Lair of Beasts)
  9855 | Lair:6   | Identified a scroll of acquirement
  9859 | Lair:6   | Learned a level 2 spell: Swiftness
  9993 | Lair:6   | Reached skill level 5 in Translocations
 10062 | Lair:6   | Reached skill level 8 in Spellcasting
 10272 | Lair:6   | Reached skill level 9 in Spellcasting
 10396 | Lair:6   | Learned a level 4 spell: Passage of Golubria
 10512 | Lair:6   | Reached skill level 10 in Spellcasting
 10520 | Lair:6   | Reached skill level 13 in Unarmed Combat
 10981 | D:12     | Noticed Rupert
 10997 | D:12     | Killed Rupert
 11057 | D:12     | You fall through a shaft for 2 floors!
 11290 | D:13     | Reached XP level 14. HP: 85/116 MP: 15/32
 11385 | D:13     | Reached skill level 9 in Fighting
 11446 | D:13     | Reached skill level 9 in Dodging
 11627 | D:11     | Reached skill level 14 in Unarmed Combat
 11654 | D:11     | Noticed Erolcha
 11679 | D:11     | Killed Erolcha
 11813 | Orc:1    | Entered Level 1 of the Orcish Mines
 12105 | Orc:2    | Entered Level 2 of the Orcish Mines
 12105 | Orc:2    | Found Caontuv's Jewellery Emporium.
 12105 | Orc:2    | Found Nuruiw's Antique Weapon Shoppe.
 12105 | Orc:2    | Found Xiliuvin's Antique Armour Emporium.
 12150 | Orc:2    | Found Cepheono's Book Shop.
 12160 | Orc:2    | Noticed an orc warlord
 12186 | Orc:2    | Killed an orc warlord
 12224 | Orc:2    | Bought a book of the Earth for 845 gold pieces
 12226 | Orc:2    | Found a staircase to the Elven Halls.
 12409 | Orc:2    | Bought a glowing cloak for 217 gold pieces
 12503 | Orc:2    | Found a roughly hewn altar of Beogh.
 12544 | Orc:2    | Noticed Nessos
 12809 | Orc:2    | Noticed an orc warlord
 12885 | Orc:1    | Killed an orc warlord
 12955 | Orc:1    | Reached skill level 11 in Spellcasting
 12966 | Orc:1    | Learned a level 6 spell: Statue Form
 13024 | Orc:2    | Killed Nessos
 13044 | Orc:2    | Reached skill level 3 in Earth Magic
 13230 | Orc:2    | Found Geps's Antique Armour Shoppe.
 13231 | Orc:2    | Found Ekhal's Antique Weapon Shoppe.
 13232 | Orc:2    | Found Medumm's General Store.
 13232 | Orc:2    | Found Jibinex's Book Emporium.
 13237 | Orc:2    | Bought a book of Cantrips for 260 gold pieces
 13286 | Orc:2    | Bought a scroll of fog for 22 gold pieces
 13286 | Orc:2    | Bought a scroll of identify for 22 gold pieces
 13415 | Spider:1 | Entered Level 1 of the Spider Nest
 13601 | Lair:1   | Learned a level 1 spell: Apportation
 13649 | Spider:1 | Noticed an emperor scorpion
 13664 | Spider:1 | Killed an emperor scorpion
 13791 | Spider:2 | Noticed Azrael
 13997 | Spider:1 | Got a warped bone amulet
 13999 | Spider:1 | Identified the amulet of Makhleb's Regard {Spirit *Slow +Blink rN++ Dex+2} (You acquired it on level 1 of the Spider Nest)
 14182 | Spider:1 | Reached skill level 12 in Spellcasting
 14217 | Spider:1 | HP: 3/118 [entropy weaver (16)]
 14217 | Spider:1 | Mangled by an entropy weaver

Skill      XL: |  1  2  3  4  5  6  7  8  9 10 11 12 13 14 |
---------------+-------------------------------------------+-----
Unarmed Combat | 3 4 5 6 8 9 10 11 12 13 14 | 14.2
Spellcasting   | 2 3 6 7 10 12 | 12.0
Transmutations | 2 3 5 7 |  7.3
Fighting       | 1 2 4 5 7 8 9 |  9.5
Earth Magic    | 2 3 |  3.2
Dodging        | 2 4 5 7 8 9 |  9.4
Charms         | 2 3 |  3.1
Necromancy     | 2 3 |  3.1
Translocations | 3 5 |  5.0

Action                   |  1- 3 |  4- 6 |  7- 9 | 10-12 | 13-15 || total
-------------------------+-------+-------+-------+-------+-------++-------
Melee: Unarmed           |   102 |   109 |   282 |   551 |   789 ||  1833
       Headbutt          |     9 |     1 |       |       |       ||    10
       Kick              |     5 |     2 |       |       |       ||     7
       Punch             |     1 |       |       |    34 |    50 ||    85
 Cast: Beastly Appendage |    22 |     6 |       |       |       ||    28
       Sticks to Snakes  |    10 |    14 |    39 |    38 |    44 ||   145
       Spider Form       |     1 |    20 |    43 |     2 |       ||    66
       Passwall          |       |     1 |       |     4 |    41 ||    46
       Sandblast         |       |       |     2 |       |       ||     2
       Blade Hands       |       |       |     1 |    60 |    68 ||   129
       Regeneration      |       |       |       |    35 |    78 ||   113
       Petrify           |       |       |       |     6 |       ||     6
       Animate Skeleton  |       |       |       |    43 |    45 ||    88
       Blink             |       |       |       |     2 |     5 ||     7
       Passage of Golubr |       |       |       |       |    40 ||    40
       Apportation       |       |       |       |       |     2 ||     2
 Abil: End Transformatio |       |       |       |     6 |     6 ||    12
Evoke: Wand              |       |       |       |     6 |     5 ||    11
       Lamp of fire      |       |       |       |       |     1 ||     1
  Use: Potion            |     1 |       |     3 |     5 |     6 ||    15
       Scroll            |     5 |     2 |     6 |    23 |    15 ||    51
 Stab: Sleeping          |     4 |       |     1 |       |       ||     5
       Distracted        |       |     1 |     3 |     4 |     6 ||    14
       Invisible         |       |       |     6 |       |       ||     6
       Petrified         |       |       |       |     2 |     3 ||     5
       Petrifying        |       |       |       |       |     1 ||     1
  Eat: Chunk             |     3 |     7 |     9 |    27 |    27 ||    73
       Royal jelly       |       |     1 |     1 |     2 |     1 ||     5
       Fruit             |       |       |     6 |       |     3 ||     9
       Meat ration       |       |       |       |     1 |       ||     1
Armor: Robe              |     9 |       |       |       |       ||     9
       Leather armour    |    11 |     3 |     5 |    73 |    25 ||   117
       Skin              |       |     2 |     6 |       |       ||     8
       Steam dragon scal |       |       |       |       |   132 ||   132
Dodge: Dodged            |    47 |    93 |   184 |   488 |   694 ||  1506

Table legend:
 A = Turns spent in this place as a percentage of turns spent in the entire game.
 B = Non-inter-level travel turns spent in this place as a percentage of non-inter-level travel turns spent in the entire game.
 C = Inter-level travel turns spent in this place as a percentage of turns spent in this place.
 D = Turns resting spent in this place as a percentage of non-inter-level travel turns spent in this place.
 E = Turns spent auto-exploring this place as a percentage of non-inter-level travel turns spent in this place.
 F = Non-inter-level travel turns spent in this place divided by the number of levels of this place that you've seen.
                   A       B       C       D       E      F
               +-------+-------+-------+-------+-------+----------------------
         Total | 100.0 | 100.0 |   0.1 |   0.2 |   0.0 | 544.4
       Dungeon |  46.7 |  46.6 |   0.1 |   0.0 |   0.0 | 453.4
          Lair |  36.9 |  36.9 |   0.1 |   0.0 |   0.0 | 837.7
   Spider Nest |   5.3 |   5.3 |   0.0 |   0.0 |   0.0 | 359.5
  Orcish Mines |   9.9 |   9.9 |   0.1 |   2.1 |   0.0 | 674.5
     Labyrinth |   1.2 |   1.2 |   0.0 |   0.0 |   0.0 | 169.0
               +-------+-------+-------+-------+-------+----------------------

Table legend:
 A = Kills in this place as a percentage of kills in entire the game.
 B = Kills by you in this place as a percentage of kills by you in the entire game.
 C = Kills by friends in this place as a percentage of kills by friends in the entire game.
 D = Other kills in this place as a percentage of other kills in the entire game.
 E = Experience gained in this place as a percentage of experience gained in the entire game.
 F = Experience gained in this place divided by the number of levels of this place that you have seen.
                   A       B       C       D       E      F
               +-------+-------+-------+-------+-------+----------------------
         Total | 100.0 | 100.0 | 100.0 | 100.0 | 100.0 | 4757.7
       Dungeon |  36.8 |  39.1 |  16.9 | 100.0 |  22.1 | 1878.6
          Lair |  39.2 |  35.2 |  73.2 |   0.0 |  51.2 | 10146.0
   Spider Nest |   5.4 |   5.8 |   2.8 |   0.0 |  10.7 | 6372.5
  Orcish Mines |  18.4 |  19.8 |   7.0 |   0.0 |  15.0 | 8934.5
     Labyrinth |   0.2 |   0.2 |   0.0 |   0.0 |   1.0 | 1151.0
               +-------+-------+-------+-------+-------+----------------------

Vault maps used:
D:1:      saegor_arrival_miasma, minmay_pentomino_o2
D:2:      lemuel_doored_altar
D:3:      gammafunk_steamed_eel, old_standard_altar, small_statue_intersection
D:4:      chequers_temple_overflow_statue_of_worship
D:5:      amethyst_overflow_temple_binary, minmay_temple_entry_junction,
          first_bread
D:6:      uniq_edmund
D:7:      kennysheep_big_flooded_room, uniq_pikel
D:8:      nemelex_xobeh_ov_fountains_minmay, chei_slow_surprise, uniq_joseph
D:9:      nicolae_tso_besieged_by_evil, zin_statuary,
          nicolae_dithmenos_the_darkroom
D:10:     lair_entry_dummy, uniq_gastronok
D:11:     uniq_erolcha
D:12:     lemuel_castle_with_subvaults, uniq_maurice, uniq_rupert, uniq_sonja
D:13:     hangedman_screamer, hangedman_vaults_entry_quadrant_bands
D:14:     serial_ice, serial_ice_g, serial_ice_n, serial_ice_k, serial_ice_o,
          hangedman_pestilent_swarm
Lair:1:   basic_altar
Lair:2:   elwin_shoals_entry_rocks, grunt_megastairs_1
Lair:3:   beast_lair_carwin_large_3, dummy_spider_entry, lemuel_fruit_fields
Lair:4:   lab_entry_generic, grunt_megastairs_4
Lair:5:   minmay_slime_entry_pillars, lemuel_fruit_tree, lemuel_fruit_fields
Lair:6:   hangedman_lair_caniforms_friends, hangedman_lair_in_review,
          minmay_lair_oklob_chamber
Spider:2: uniq_azrael, uniq_asterion
Orc:1:    nicolae_orc_accident_3
Orc:2:    st_orc_congregation, serial_shops, shop, nicolae_shop_stone,
          shop_statue, nicolae_shop_stone, basic_altar, uniq_nessos
Lab:      nicolae_lab_dead_adventurers, nicolae_lab_statue, nicolae_lab_plus,
          nicolae_lab_quarters, nicolae_lab_grate, lab_hedge
